 Dungeon Crawl Stone Soup version 0.31-a0-988-g08d55dae12 (webtiles) character file.

Game seed: 12563000173767126181

1671046 GordonOverkill the Merfolkian Ballista (level 27, 203/249 HPs)
             Began as a Merfolk Delver on Nov 5, 2023.
             Was the Champion of Makhleb.
             Escaped with the Orb
             ... and 3 runes!
             The game lasted 02:43:07 (72504 turns).

GordonOverkill the Merfolkian Ballista (MfDe)      Turns: 72504, Time: 02:43:08

Health: 203/249    AC: 37    Str: 32      XL:     27
Magic:  36/36      EV: 14    Int:  6 (7)  God:    Makhleb [******]
Gold:   2504       SH: 31    Dex: 14      Spells: 26/26 levels left

rFire   + + .        a - +9 demon trident (freeze)
rCold   + + .        r - +5 tower shield {AC+3}
rNeg    . . .        f - +8 gold dragon scales
rPois   +            (helmet restricted)
rElec   .            F - scarf {rC+ rF+}
rCorr   .            m - +2 pair of gloves {Dex+3}
SInv    +            R - +2 pair of slick slippers {slick, slippery, EV+4}
Will    +++..        H - amulet of reflection Stlth
                     E - +4 ring of slaying
HPRegen 0.61/turn    S - ring "Ijouwusk" {Will+ AC+4 Str+3 Dex-2 SInv}
MPRegen 0.25/turn

%: reflection
@: mighty, studying 2 skills
A: (nimble swimmer 2), mertail, horns 1, clumsy 1, dopey 1, screaming 1, strong
1, subdued magic 1
0: Orb of Zot
}: 3/15 runes: barnacled, silver, gossamer
a: Renounce Religion, Minor Destruction, Lesser Servant of Makhleb, Major
Destruction, Greater Servant of Makhleb


You escaped.
You worshipped Makhleb.
Makhleb was exalted by your worship.
You visited 9 branches of the dungeon, and saw 47 of its levels.
You also visited: Volcano and Wizlab.

You collected 6003 gold pieces.
You spent 3499 gold pieces at shops.

Inventory:

Hand Weapons
 a - a +9 demon trident of freezing (weapon)
 b - a +9 vampiric demon trident
Missiles
 j - a silver javelin (quivered)
 n - 7 throwing nets
 y - 39 boomerangs
 D - 9 javelins
 K - 18 curare-tipped darts
Armour
 f - +8 gold dragon scales (worn)
 m - a +2 pair of gloves of dexterity (worn)
 r - a +5 tower shield of protection (worn)
 B - the +1 helmet of Kindness {Will+ Str+3 Stlth+}
   (You bought it in a shop on level 2 of the Dungeon)

   Str+3:     It affects your strength (+3).
   Will+:     It increases your willpower.
   Stlth+:    It makes you more stealthy.
 F - a scarf of resistance (worn)
 R - the +2 pair of slick slippers (worn) {slick, slippery, EV+4}
   (You found it on level 3 of the Lair of Beasts)

   Slick:     Its wearer cannot be constricted, engulfed, netted or webbed.
   Slippery:  Its wearer slips away from damaging melee attacks, pulling the
   attacker onward.
   EV+4:      It affects your evasion (+4).
Jewellery
 w - a ring of wizardry
 E - a +4 ring of slaying (left hand)
 H - an amulet of reflection (around neck)
 I - a ring of see invisible
 S - the ring "Ijouwusk" (right hand) {Will+ AC+4 Str+3 Dex-2 SInv}
   (You acquired it on level 1 of the Realm of Zot)

   [ring of protection]

   AC+4:      It affects your AC (+4).
   Str+3:     It affects your strength (+3).
   Dex-2:     It affects your dexterity (-2).
   Will+:     It increases your willpower.
   SInv:      It lets you see invisible.
Wands
 g - a wand of digging (19)
 l - a wand of paralysis (66)
 C - a wand of light (52)
 M - a wand of flame (18)
 P - a wand of iceblast (52)
 V - a wand of mindburst (44)
Scrolls
 c - 8 scrolls of fog
 d - 32 scrolls of identify
 h - 9 scrolls of vulnerability
 q - 4 scrolls of butterflies
 v - 6 scrolls of fear
 x - a scroll of torment
 L - 11 scrolls of teleportation
 N - 6 scrolls of blinking
 W - 6 scrolls of immolation
Potions
 e - 3 potions of invisibility
 i - 7 potions of magic
 k - 6 potions of cancellation
 o - 5 potions of ambrosia
 p - 7 potions of attraction
 s - 6 potions of brilliance
 t - 7 potions of enlightenment
 A - 5 potions of mutation
 G - 8 potions of lignification
 J - 4 potions of resistance
 Q - 4 potions of might
 X - 13 potions of curing
 Z - 3 potions of heal wounds
Miscellaneous
 u - a condenser vane
 z - a lightning rod (4/4)
 O - a phial of floods
 U - a phantom mirror
 Y - a box of beasts


   Skills:
 O Level 27 Fighting
 - Level 16.0 Polearms
 O Level 27 Throwing
 - Level 10.0 Armour
 - Level 12.0 Dodging
 - Level 5.4 Stealth
 + Level 20.5 Shields
 - Level 18.0 Invocations
 - Level 14.0 Evocations


You had 26 spell levels left.
You didn't know any spells.
Your spell library contained the following spells:

 Spells                   Type           Power      Damage    Failure   Level
 Foxfire                  Conj/Fire      0%         2x1d4     100%        1
 Kiss of Death            Conj/Necr      0%         2d5       100%        1
 Magic Dart               Conj           0%         1d3       100%        1
 Necrotise                Necr           0%         1d4       100%        1
 Summon Small Mammal      Summ           0%         N/A       100%        1
 Blink                    Tloc           0%         N/A       100%        2
 Call Imp                 Summ           0%         N/A       100%        2
 Cigotuvi's Dreadful Rot  Necr/Pois/Air  0%         N/A       100%        2
 Ensorcelled Hibernation  Hex/Ice        0%         N/A       100%        2
 Jinxbite                 Hex            0%         N/A       100%        2
 Lesser Beckoning         Tloc           0%         N/A       100%        2
 Momentum Strike          Conj/Tloc      0%         3d8       100%        2
 Passwall                 Tmut/Erth      0%         N/A       100%        2
 Scorch                   Fire           0%         2d5       100%        2
 Searing Ray              Conj           0%         2d4       100%        2
 Sublimation of Blood     Necr           0%         N/A       100%        2
 Wereblood                Tmut           0%         N/A       100%        2
 Call Canine Familiar     Summ           0%         N/A       100%        3
 Confusing Touch          Hex            0%         N/A       100%        3
 Dazzling Flash           Conj/Hex       0%         N/A       100%        3
 Hailstorm                Conj/Ice       0%         3d3       100%        3
 Ignite Poison            Fire/Tmut/Pois 0%         N/A       100%        3
 Inner Flame              Hex/Fire       0%         N/A       100%        3
 Mephitic Cloud           Conj/Pois/Air  0%         N/A       100%        3
 Ozocubu's Armour         Ice            0%         N/A       100%        3
 Stone Arrow              Conj/Erth      0%         3d7       100%        3
 Summon Guardian Golem    Hex/Summ       0%         N/A       100%        3
 Swiftness                Air            0%         N/A       100%        3
 Vampiric Draining        Necr           0%         2d6       100%        3
 Volatile Blastmotes      Fire/Tloc      0%         2d10      100%        3
 Anguish                  Hex/Necr       0%         N/A       100%        4
 Animate Armour           Summ/Erth      0%         N/A       100%        4
 Animate Dead             Necr           0%         N/A       100%        4
 Cause Fear               Hex            0%         N/A       100%        4
 Dispel Undead            Necr           0%         3d6       100%        4
 Flame Wave               Conj/Fire      0%         2d4       100%        4
 Olgreb's Toxic Radiance  Pois           0%         N/A       100%        4
 Summon Ice Beast         Ice/Summ       0%         N/A       100%        4
 Summon Lightning Spire   Summ/Air       0%         N/A       100%        4
 Agony                    Necr           0%         N/A       100%        5
 Alistair's Intoxication  Tmut/Pois      0%         N/A       100%        5
 Borgnjor's Vile Clutch   Necr/Erth      0%         N/A       100%        5
 Fireball                 Conj/Fire      0%         3d3       100%        5
 Freezing Cloud           Conj/Ice/Air   0%         6-21      100%        5
 Iskenderun's Battlesphe  Conj           0%         2d6       100%        5
 Lee's Rapid Deconstruct  Erth           0%         3d4*      100%        5
 Metabolic Englaciation   Hex/Ice        0%         N/A       100%        5
 Silence                  Hex/Air        0%         N/A       100%        5
 Summon Forest            Summ/Tloc      0%         N/A       100%        5
 Summon Mana Viper        Hex/Summ       0%         N/A       100%        5
 Yara's Violent Unravell  Hex/Tmut       0%         3d3       100%        5
 Bombard                  Conj/Erth      0%         9d1       100%        6
 Death Channel            Necr           0%         N/A       100%        6
 Eringya's Noxious Bog    Tmut/Pois      0%         4d6       100%        6
 Plasma Beam              Fire/Air       0%         2x1d10    100%        6
 Simulacrum               Ice/Necr       0%         N/A       100%        6
 Starburst                Conj/Fire      0%         6d3       100%        6
 Summon Cactus Giant      Summ           0%         N/A       100%        6
 Enfeeble                 Hex            0%         N/A       100%        7
 Haunt                    Necr/Summ      0%         N/A       100%        7
 Malign Gateway           Summ/Tloc      0%         N/A       100%        7
 Monstrous Menagerie      Summ           0%         N/A       100%        7
 Orb of Destruction       Conj           0%         9d5       100%        7
 Spellforged Servitor     Conj/Summ      0%         N/A       100%        7
 Summon Hydra             Summ           0%         N/A       100%        7
 Discord                  Hex            0%         N/A       100%        8
 Ignition                 Fire           0%         3d3       100%        8
 Infestation              Necr           0%         N/A       100%        8
 Lehudib's Crystal Spear  Conj/Erth      0%         10d2      100%        8
 Maxwell's Capacitive Co  Air            0%         ∞         100%        8
 Summon Horrible Things   Summ           0%         N/A       100%        8
 Dragon's Call            Summ           0%         N/A       100%        9


Dungeon Overview and Level Annotations

Branches:
Dungeon (15/15)            Temple (0/1) D:6            Lair (5/5) D:11
 Shoals (4/4) Lair:2       Spider (4/4) Lair:3        Slime (0/5) Lair:5
    Orc (2/2) D:9             Elf (3/3) Orc:2        Vaults (5/5) D:14
  Crypt (0/3) Vaults:2     Depths (4/4) D:15            Zot (5/5) Depths:4
Volcano (visited)          WizLab (visited)

Altars:
Ashenzari
Dithmenos
Elyvilon
Gozag
Kikubaaqudgha
Makhleb
Nemelex Xobeh
Okawaru
Trog
Uskayaw
Vehumet
Wu Jian
Yredelemnul
Zin
The Shining One
Lugonu

Shops:
D:2 [   Orc:2 :!:(   Elf:2 :   Shoals:1 [(?   Shoals:3 =   Vaults:5 !
Depths:2 ::=

Portals:
Hell: Depths:1 Depths:2 Depths:3 Depths:4
Abyss: Orc:2 Depths:3 Depths:4
Pandemonium: Depths:1 Depths:2 Depths:4
Ziggurat: Depths:1

Annotations:
D:1 Crazy Yiuf
Orc:2 2 transporters, Pascal76's ghost, journeyman MiFi
Depths:2 3 runed translucent doors
Zot:2 2 transporters, Beshis's ghost, legendary FoHu


Innate Abilities, Weirdness & Mutations

((You are very nimble when in or above water. (Stealth+, EV+, Speed+++)))
Your lower body shifts to a powerful aquatic tail in water.
You have a pair of small horns on your head.
You are clumsy. (Dex -2)
You are dopey. (Int -2)
You occasionally shout uncontrollably at your foes.
Your muscles are strong. (Str +4, Int/Dex -1)
Your spells are a little easier to cast, but a little less powerful.


Message History

You impale the neqoxec!! You freeze the neqoxec.
You headbutt the neqoxec, but do no damage.
The neqoxec is almost dead.
You impale the neqoxec!! You freeze the neqoxec.
You kill the neqoxec!
Makhleb accepts your kill.
You feel better. You block Crazy Yiuf's attack.
You feel yourself slow down.
You see here a +0 hammer.
Crazy Yiuf says, "You came back for me."
Crazy Yiuf says, "You came back for me."
There is a stone staircase leading up here.
You block Crazy Yiuf's attack.
You climb upwards.
There is a stone staircase leading down here.
Crazy Yiuf attacks as he pursues you! You block Crazy Yiuf's attack.
Crazy Yiuf attacks as he pursues you! You block Crazy Yiuf's attack.
Crazy Yiuf says, "Wait for me!"
Crazy Yiuf attacks as he pursues you! You block Crazy Yiuf's attack.
There is an open door here.
Crazy Yiuf attacks as he pursues you! You block Crazy Yiuf's attack.
Crazy Yiuf says, "You came back for me."
Crazy Yiuf attacks as he pursues you! You block Crazy Yiuf's attack.
There is an open door here.
Crazy Yiuf says, "Wait for me!"
There is a stone staircase leading up here.
Crazy Yiuf says, "You came back for me."
Crazy Yiuf says, "You came back for me."
You block Crazy Yiuf's attack.
You climb upwards.
There is a stone staircase leading down here.
Aiming: Dig
Press: ? - help, Shift-Dir - straight line A rock wall.
This square is covered in magical glow.
The rock shatters into small pieces.
You block Crazy Yiuf's attack. You block Crazy Yiuf's attack.
There is a staircase leading out of the dungeon here.
You block Crazy Yiuf's attack.
You have escaped!

##### # #...# #### #...# ...#
#...# ##.######..>##
.............## ##
#############.##### ####.
#~P~.........# ####....
#~~P##.###g@.# #....###
####P~P##.# #...# ###..### #
#..#.##P~P# ###.# #....# #
#..#.##~PP# #..# ##...## #
#..#...~P~#####.#####....#
###..#.#####~~P...#........######
.....#.# #P~P##.####..#........
.....#.### #~PP##.####....###....
###..#...# #.##P~~##.............


You could see Crazy Yiuf.

Vanquished Creatures
  6 dread liches (Zot:5)
  2 orbs of fire (Zot:5)
  2 ancient liches
  Parghit (Zot:1)
  Margery (Vaults:4)
  Bai Suzhen (Spider:4)
  2 Killer Klowns (Zot:5)
  A pandemonium lord (D:3)
  Xtahua (Depths:4)
  3 curse toes
  11 golden dragons
  Nikola (Spider:2)
  2 bone dragons
  Arachne (Spider:4)
  5 electric golems
  2 Ice Fiends
  17 tentacled monstrosities
  A walking crystal tome (Depths:3)
  30 Orb Guardians
  7 liches
  3 deep elf blademasters
  A kraken (Shoals:4)
  10 titans
  2 deep elf master archers (Elf:3)
  4 sphinxes
  A quicksilver dragon (Zot:5)
  2 walking divine tomes
  13 death cobs
  Frances (Shoals:1)
  7 tengu reavers
  14 shadow dragons
  A revenant (Vaults:2)
  Agnes (Spider:4)
  Roxanne (Spider:2)
  Ilsuiw (Shoals:2)
  Donald (Vaults:4)
  7 draconian monks
  Aizul (Depths:2)
  9 storm dragons
  5 draconian knights
  14 fire giants
  11 frost giants
  8 draconian scorchers
  4 deep elf elementalists (Elf:3)
  4 balrugs
  23 vault wardens
  6 deep elf sorcerers
  6 draconian shifters
  7 ghost moths
  2 emperor scorpions (Spider:4)
  26 ironbound preservers
  2 orc warlords (Vaults:2)
  4 war gargoyles
  6 draconian annihilators
  A draconian stormcaller (Zot:2)
  4 broodmothers
  30 very ugly things
  5 vampire knights
  5 ironbound thunderhulks
  3 reapers
  3 formless jellyfish
  11 black draconians
  13 green draconians
  13 stone giants
  8 deep elf demonologists
  10 dire elephants
  8 red draconians
  Azrael (Orc:2)
  3 deep elf annihilators
  8 yellow draconians
  The ghost of Sacsyrch the Brawler, a journeyman DrMo of Yredelemnul (D:15)
  5 purple draconians
  2 lorocyprocas
  4 white draconians
  15 spark wasps
  An orange crystal statue (WizLab)
  A blizzard demon (Depths:1)
  22 ettins
  7 deep elf death magi
  9 merfolk impalers
  5 merfolk javelineers
  4 entropy weavers
  5 great orbs of eyes
  5 deep elf high priests
  5 fire dragons
  A spriggan zombie (Depths:1)
  2 ogre magi (Vaults:5)
  8 yaktaur captains
  49 vault guards
  5 rakshasas
  3 hydras
  2 ice dragons
  A hell beast (Depths:3)
  2 peacekeepers
  7 ironbound frosthearts
  A merfolk avatar (Shoals:4)
  2 spriggan air magi
  5 radroaches
  8 centaur warriors
  2 merfolk aquamancers (Shoals:4)
  An alligator snapping turtle (Shoals:4)
  11 boulder beetles
  3 jorogumos (Spider:4)
  3 satyrs
  31 dancing weapons
  15 deep troll shamans
  8 tengu warriors
  5 two-headed ogres
  2 death yaks (Lair:5)
  9 deep troll earth magi
  7 demonic crawlers
  6 spriggan berserkers
  5 orc high priests (Orc:2)
  4 occultists
  6 sun demons
  Sonja (Lair:5)
  7 skysharks
  16 deep elf knights
  3 skeletal warriors
  Nergalle (D:10)
  30 hell knights
  6 pharaoh ants
  Amaemon (D:10)
  8 iron trolls
  A large abomination (Depths:1)
  A cherub (D:13)
  5 glowing orange brains
  4 sun moths
  58 deep trolls
  15 deep elf archers
  A shadow demon (D:13)
  9 sea snakes
  11 orb spiders
  A spriggan simulacrum (Depths:1)
  A flayed ghost (Depths:1)
  10 arcanists
  11 steelbarb worms
  2 bog bodies (Shoals:1)
  A golden dragon zombie (Depths:1)
  7 lindwurms
  Pikel (D:8)
  24 ironbound convokers
  42 deep elf pyromancers
  23 deep elf zephyrmancers
  11 harpies
  A sphinx simulacrum (Vaults:3)
  A mana viper (shapeshifter) (Depths:3)
  6 phantasmal warriors
  53 ugly things
  11 orc knights
  13 necromancers
  24 wolf spiders
  3 cyclopes
  An orc sorcerer (Orc:2)
  33 moths of wrath
  13 manticores
  5 black mambas
  6 water nymphs
  5 toenail golems
  18 fauns
  9 elephants
  13 merfolk sirens
  A stone giant skeleton (Depths:1)
  22 vault sentinels
  8 torpor snails
  3 smoke demons
  An orange demon (D:11)
  A frost giant skeleton (Depths:1)
  2 gargoyles (D:12)
  A rime drake (shapeshifter) (Elf:1)
  13 cane toads
  An unseen horror (D:11)
  4 rime drakes
  5 komodo dragons
  2 kobold demonologists (D:11)
  2 efreet (D:12)
  30 yaktaurs
  A yaktaur skeleton (Vaults:3)
  4 tengu conjurers
  A yaktaur (shapeshifter) (Depths:3)
  A red devil (D:4)
  25 merfolk
  A merfolk (shapeshifter) (Vaults:1)
  6 polar bears
  5 wind drakes
  A meliai (shapeshifter) (Vaults:5)
  2 trolls (shapeshifter) (Vaults:4)
  30 tarantellas
  3 meliai (D:14)
  4 trolls
  A tengu simulacrum (Vaults:3)
  Grinder (D:3)
  5 hornets (Lair:5)
  4 dream sheep (Lair:4)
  8 snapping turtles
  22 blink frogs
  4 glass eyes
  A blink frog (shapeshifter) (D:15)
  23 slime creatures
  A jumping spider (shapeshifter) (Vaults:5)
  2 shadows
  31 jumping spiders
  12 water elementals
  2 air elementals (Elf:1)
  18 culicivoras
  43 yaks
  12 spriggans (Lair:5)
  Sigmund (D:2)
  4 wraiths
  A wyvern (Lair:4)
  5 fire elementals
  A neqoxec (D:3)
  5 basilisks
  8 vampire mosquitoes
  4 humans (Volcano)
  4 steam dragons
  64 redbacks
  An acid dragon (D:9)
  A warg (shapeshifter) (Vaults:5)
  A glowing shapeshifter skeleton (Vaults:3)
  10 water moccasins
  A hell hound (Orc:2)
  2 sky beasts
  An ice beast (D:5)
  9 black bears
  46 orc warriors
  4 boggarts (Lair:5)
  3 ogres
  27 wolves
  8 centaurs
  A phantom (D:5)
  3 kobold brigands
  6 bullfrogs
  3 earth elementals (Elf:1)
  5 scorpions
  4 wights
  4 electric eels
  A howler monkey (D:9)
  2 jellies
  24 orc priests
  A gnoll bouda (D:8)
  3 hounds
  Terence (D:2)
  3 iguanas
  A sleepcap (D:6)
  22 orc wizards
  2 hell rats
  Robin (D:2)
  4 adders
  7 gnolls
  A white imp (D:5)
  2 worms
  2 dart slugs
  85 orcs
  5 ball pythons
  9 endoplasms
  5 giant cockroaches
  15 goblins
  7 hobgoblins
  5 jackals
  3 quokkas
  2 bats
  2 frilled lizards
  18 kobolds
  6 rats
2109 creatures vanquished.

Vanquished Creatures (collateral kills)
  Jorgrun (D:12)
  A draconian scorcher (Zot:1)
  A draconian stormcaller (Zot:1)
  A very ugly thing (Vaults:1)
  A black draconian (Zot:3)
  An entropy weaver (Spider:2)
  A great orb of eyes (Vaults:1)
  A catoblepas (Lair:1)
  A two-headed ogre (D:11)
  2 dancing weapons (D:14)
  2 death yaks (Lair:5)
  A skyshark (Lair:3)
  A pharaoh ant (Lair:3)
  A deep troll (Vaults:4)
  A cyclops (D:11)
  A wolf spider (Spider:2)
  3 ugly things (D:14)
  A black mamba (Lair:4)
  2 cane toads
  A gargoyle (D:11)
  3 kobold demonologists (D:10)
  A komodo dragon (Lair:1)
  2 tarantellas
  4 dream sheep
  7 blink frogs
  A hornet (D:10)
  A shadow (D:11)
  A wyvern (Lair:3)
  A yak (Lair:4)
  3 redbacks (Spider:2)
  6 orc warriors
  6 wolves
  A kobold brigand (D:10)
  A bullfrog (Lair:3)
  2 scorpions (Lair:3)
  3 hell rats (Lair:4)
  4 orc wizards
  3 orcs
  2 kobolds
  A tentacle (Shoals:4)
78 creatures vanquished.

Vanquished Creatures (others)
  Norris (Depths:3)
  A fire giant (Depths:2)
  A green draconian (Zot:1)
  A vampire knight (Depths:3)
  An occultist (Depths:2)
  5 deep elf knights
  An orb spider (Spider:2)
  A deep troll (Vaults:5)
  2 deep elf pyromancers (Elf:2)
  A necromancer (Depths:1)
  A deep elf zephyrmancer (Elf:2)
  A glass eye (Depths:3)
  An orc warrior (Orc:2)
  A lemure (D:8)
  An orc wizard (Orc:2)
  An orc (Orc:1)
  5 tentacles (Shoals:4)
26 creatures vanquished.

Grand Total: 2213 creatures vanquished

Notes
Turn   | Place    | Note
-------+----------+-------------------------------------------
     0 | D:5      | GordonOverkill the Merfolk Delver began the quest for the
                  | Orb.
     0 | D:5      | Reached XP level 1. HP: 18/18 MP: 1/1
    14 | D:6      | Noticed a scorpion
    20 | D:5      | Noticed a hound
    91 | D:4      | Found an iron altar of Okawaru.
    91 | D:4      | Found an opulent altar of Gozag.
    94 | D:4      | Found a burning altar of Makhleb.
   102 | D:4      | Became a worshipper of Makhleb the Destroyer
   154 | D:5      | Noticed a scorpion
   184 | D:5      | Noticed a phantom
   232 | D:4      | Noticed an iguana
   278 | D:4      | Noticed an orc priest
   306 | D:3      | Noticed Grinder
   442 | D:2      | Noticed Terence
   451 | D:2      | Reached XP level 2. HP: 24/24 MP: 2/2
   799 | D:1      | Reached XP level 3. HP: 30/30 MP: 3/3
   878 | D:1      | Reached * piety under Makhleb
  1334 | D:2      | Noticed Robin
  1345 | D:2      | Killed Robin
  1346 | D:2      | Reached XP level 4. HP: 29/37 MP: 4/4
  1358 | D:2      | Reached skill level 5 in Polearms
  1525 | D:2      | Found Quezxoto's Antique Armour Shop.
  1693 | D:2      | Reached skill level 1 in Invocations
  1846 | D:2      | Noticed Sigmund
  1867 | D:2      | Killed Sigmund
  1868 | D:2      | Reached XP level 5. HP: 42/42 MP: 5/7
  1868 | D:2      | Reached XP level 6. HP: 48/48 MP: 5/8
  2252 | D:3      | Reached ** piety under Makhleb
  2384 | D:3      | Identified the +10 hammer of Certain Death {heavy, Fly
                  | rPois}
  2569 | D:3      | Found a runed translucent door.
  2570 | D:3      | Noticed Crazy Yiuf
  2625 | D:3      | Paralysed by Grinder for 5 turns
  2631 | D:3      | Gained mutation: Your flesh is heat resistant. (rF+)
                  | [potion of mutation]
  2639 | D:3      | Paralysed by Grinder for 5 turns
  2648 | D:3      | Killed Grinder
  2649 | D:3      | Reached XP level 7. HP: 15/54 MP: 9/9
  3310 | D:4      | Found a bloodstained altar of Trog.
  3481 | D:4      | Found a basalt altar of Yredelemnul.
  4175 | D:5      | Reached skill level 10 in Polearms
  4204 | D:5      | Found a radiant altar of Vehumet.
  4218 | D:5      | Reached XP level 8. HP: 61/61 MP: 10/10
  4376 | D:5      | Reached skill level 5 in Fighting
  4874 | D:2      | Killed Terence
  5038 | D:6      | Reached skill level 5 in Invocations
  5038 | D:6      | Reached skill level 1 in Shields
  5153 | D:6      | Found a shadowy altar of Dithmenos.
  5220 | D:6      | Identified the +6 quarterstaff "Xuloge" {venom, Int+3 Dex-5
                  | Stlth+}
  5373 | D:6      | Found a glowing golden altar of the Shining One.
  5374 | D:6      | Found a glowing silver altar of Zin.
  5375 | D:6      | Found a white marble altar of Elyvilon.
  5463 | D:6      | Found a staircase to the Ecumenical Temple.
  5657 | D:2      | Bought a jewelled helmet for 256 gold pieces
  5657 | D:2      | Identified the +1 helmet of Kindness {Will+ Str+3 Stlth+}
                  | (You bought it in a shop on level 2 of the Dungeon)
  5886 | D:7      | Reached *** piety under Makhleb
  6019 | D:7      | Reached XP level 9. HP: 68/69 MP: 12/12
  6037 | D:7      | Reached skill level 5 in Shields
  6724 | D:8      | Noticed a two-headed ogre
  6773 | D:8      | Killed a two-headed ogre
  6895 | D:8      | Noticed Pikel
  6916 | D:8      | Killed Pikel
  6971 | D:8      | Reached XP level 10. HP: 76/76 MP: 13/13
  6989 | D:8      | Noticed a two-headed ogre
  7008 | D:8      | Killed a two-headed ogre
  7185 | D:8      | Identified the +0 scale mail "Etesub" {rElec rF++ Str+2
                  | Dex-2}
  7294 | D:8      | Found a hide-covered altar of Uskayaw.
  7306 | D:8      | Noticed a +0 dagger
  7307 | D:8      | Noticed a +0 dagger
  8018 | D:9      | Reached skill level 5 in Armour
  8266 | D:9      | Noticed a two-headed ogre
  8301 | D:9      | Found a sparkling altar of Nemelex Xobeh.
  8309 | D:9      | Reached **** piety under Makhleb
  8327 | D:9      | Reached skill level 5 in Dodging
  8471 | D:9      | Killed a two-headed ogre
  8480 | D:9      | Reached XP level 11. HP: 65/81 MP: 14/14
  8628 | D:9      | Found a staircase to the Orcish Mines.
  9158 | D:10     | Entered Level 10 of the Dungeon
  9524 | D:10     | Reached skill level 10 in Dodging
  9803 | D:10     | Paralysed by a hornet for 3 turns
 10076 | D:10     | Noticed Nergalle
 10098 | D:10     | Killed Nergalle
 10809 | D:11     | Noticed a cyclops
 10825 | D:11     | Killed a cyclops
 10867 | D:11     | Noticed a cyclops
 10871 | D:11     | Noticed Amaemon
 10901 | D:11     | Noticed a sixfirhy
 10995 | D:11     | Noticed a two-headed ogre
 11005 | D:11     | Killed a two-headed ogre
 11111 | D:11     | Killed a cyclops
 11129 | D:11     | Identified the +1 scale mail of the Hidden Vale {rF+ Int+2}
 11305 | D:10     | Killed Amaemon
 11306 | D:10     | Reached skill level 10 in Shields
 11306 | D:10     | Reached XP level 12. HP: 50/88 MP: 14/16
 11508 | D:11     | Found a staircase to the Lair.
 11768 | Lair:1   | Entered Level 1 of the Lair of Beasts
 12753 | Lair:1   | Noticed a catoblepas
 12767 | Lair:1   | Killed a catoblepas
 13024 | Lair:1   | Reached skill level 10 in Invocations
 14174 | Lair:2   | Reached XP level 13. HP: 92/101 MP: 20/20
 14375 | Lair:2   | Reached skill level 10 in Fighting
 14382 | Lair:2   | Reached skill level 1 in Evocations
 15423 | Lair:3   | Found a hole to the Spider Nest.
 15448 | Lair:3   | Found the +2 pair of slick slippers {slick, slippery, EV+4}
 17693 | Lair:5   | Entered Level 5 of the Lair of Beasts
 17876 | Lair:4   | Reached ***** piety under Makhleb
 18135 | Lair:5   | Reached XP level 14. HP: 121/121 MP: 21/21
 18146 | Lair:5   | Noticed Sonja
 18234 | Lair:5   | Reached skill level 15 in Fighting
 18364 | Lair:5   | Killed Sonja
 18877 | Lair:5   | Identified the ring "Hihypa" {MP+9 AC+4 Str+4}
 19064 | Lair:5   | Paralysed by a hornet for 2 turns
 19222 | Lair:5   | Found a staircase to the Slime Pits.
 20872 | D:13     | Noticed Jorgrun
 20935 | D:12     | Killed Jorgrun
 21143 | D:13     | Reached XP level 15. HP: 129/129 MP: 22/22
 22589 | D:14     | Reached skill level 15 in Shields
 22828 | D:14     | Found a runed translucent door.
 22829 | D:14     | Found a shadowy altar of Dithmenos.
 22873 | D:14     | Reached skill level 5 in Throwing
 23066 | D:14     | Found a gate to the Vaults.
 23923 | D:15     | Entered Level 15 of the Dungeon
 23969 | D:15     | Found an ancient bone altar of Kikubaaqudgha.
 24354 | D:15     | Reached skill level 10 in Throwing
 24529 | D:15     | Reached XP level 16. HP: 136/136 MP: 23/23
 24575 | D:15     | Found a runed translucent gate.
 24576 | D:15     | Found a runed translucent gate.
 24576 | D:15     | Found a runed translucent gate.
 24578 | D:15     | Noticed Sacsyrch's ghost (journeyman DrMo)
 24608 | D:15     | Found a staircase to the Depths.
 24937 | D:15     | Killed Sacsyrch's ghost
 24938 | D:15     | Reached skill level 15 in Polearms
 25150 | Orc:1    | Entered Level 1 of the Orcish Mines
 25475 | Orc:2    | Entered Level 2 of the Orcish Mines
 25521 | Orc:2    | Found a transporter.
 25522 | Orc:2    | Noticed Azrael
 25524 | Orc:2    | Found a one-way gate to the infinite horrors of the Abyss.
 25524 | Orc:2    | Noticed Pascal76's ghost (journeyman MiFi)
 25533 | Orc:2    | Killed Azrael
 25640 | Orc:2    | Found a transporter.
 25686 | Orc:2    | Found a dark tunnel.
 25705 | Volcano  | Entered a volcano
 25823 | Volcano  | Reached ****** piety under Makhleb
 26261 | Orc:2    | Found a staircase to the Elven Halls.
 27146 | Orc:2    | Found Omawu's Book Shoppe.
 27146 | Orc:2    | Found Awighu's Antique Weapon Shoppe.
 27147 | Orc:2    | Found Sionk's Distillery.
 27147 | Orc:2    | Found Zasic's Book Shoppe.
 27155 | Orc:2    | Bought a potion of curing for 33 gold pieces
 27155 | Orc:2    | Bought a potion of curing for 33 gold pieces
 27162 | Orc:2    | Bought a manual of Evocations for 880 gold pieces
 27163 | Orc:2    | Bought a potion of magic for 88 gold pieces
 27163 | Orc:2    | Bought a potion of invisibility for 88 gold pieces
 27163 | Orc:2    | Bought a potion of might for 44 gold pieces
 27163 | Orc:2    | Bought a potion of enlightenment for 55 gold pieces
 27417 | Shoals:1 | Entered Level 1 of the Shoals
 27612 | Shoals:1 | Found Xustrev's Magic Scroll Boutique.
 27615 | Shoals:1 | Found Guky Not's Weapon Boutique.
 27627 | Shoals:1 | Bought a scroll of blinking for 112 gold pieces
 27627 | Shoals:1 | Noticed Frances
 27643 | Shoals:1 | Killed Frances
 27735 | Shoals:1 | Reached skill level 5 in Evocations
 27783 | Shoals:1 | Found Emudist's Armour Boutique.
 28259 | Shoals:2 | Identified the of Boblyeh
 28533 | Shoals:2 | Noticed Ilsuiw
 29312 | Shoals:2 | Killed Ilsuiw
 29313 | Shoals:2 | Reached skill level 10 in Evocations
 30205 | Shoals:3 | Reached XP level 17. HP: 142/142 MP: 24/24
 30687 | Shoals:3 | Found Wovaolul's Jewellery Shoppe.
 30694 | Shoals:3 | Bought an amulet of reflection for 510 gold pieces
 31026 | Shoals:4 | Entered Level 4 of the Shoals
 31506 | Shoals:4 | Noticed a kraken
 31899 | Shoals:4 | Identified the ring of Ashenzari's Wrath {*Corrode rElec
                  | rF+ Str+6 Int+3}
 32036 | Shoals:4 | Got a barnacled rune of Zot
 32602 | Shoals:4 | Killed a kraken
 32891 | Shoals:3 | Bought a ring of poison resistance for 340 gold pieces
 32995 | Spider:1 | Entered Level 1 of the Spider Nest
 33725 | Spider:1 | Reached XP level 18. HP: 149/149 MP: 27/27
 34455 | Spider:2 | Noticed Roxanne
 34615 | Spider:2 | Killed Roxanne
 35114 | Spider:2 | Noticed Nikola
 35138 | Spider:2 | Killed Nikola
 35683 | Spider:3 | Gained mutation: You occasionally lose the ability to drink
                  | potions when taking damage. [mutagenic glow]
 35784 | Spider:3 | Lost mutation: You occasionally lose the ability to drink
                  | potions when taking damage. [potion of mutation]
 35784 | Spider:3 | Lost mutation: Your flesh is heat resistant. (rF+) [potion
                  | of mutation]
 35784 | Spider:3 | Gained mutation: You have a pair of small antennae on your
                  | head. [potion of mutation]
 35785 | Spider:3 | Lost mutation: You have a pair of small antennae on your
                  | head. [potion of mutation]
 35785 | Spider:3 | Gained mutation: You do not regenerate when monsters are
                  | visible. [potion of mutation]
 35785 | Spider:3 | Gained mutation: You are agile. (Dex +4, Str/Int -1)
                  | [potion of mutation]
 35786 | Spider:3 | Lost mutation: You are agile. (Dex +4, Str/Int -1) [potion
                  | of mutation]
 35786 | Spider:3 | Lost mutation: You do not regenerate when monsters are
                  | visible. [potion of mutation]
 35786 | Spider:3 | Gained mutation: Armour fits poorly on your strangely
                  | shaped body. [potion of mutation]
 35786 | Spider:3 | Gained mutation: You are robust. (+10% HP) [potion of
                  | mutation]
 35786 | Spider:3 | Gained mutation: Your skin changes colour to match your
                  | surroundings (Stealth+). [potion of mutation]
 35787 | Spider:3 | Lost mutation: Armour fits poorly on your strangely shaped
                  | body. [potion of mutation]
 35787 | Spider:3 | Lost mutation: Your skin changes colour to match your
                  | surroundings (Stealth+). [potion of mutation]
 35787 | Spider:3 | Lost mutation: You are robust. (+10% HP) [potion of
                  | mutation]
 35787 | Spider:3 | Gained mutation: Your spells are a little easier to cast,
                  | but a little less powerful. [potion of mutation]
 35787 | Spider:3 | Gained mutation: You occasionally shout uncontrollably at
                  | your foes. [potion of mutation]
 35787 | Spider:3 | Gained mutation: You are partially covered in large bone
                  | plates. (SH +4) [potion of mutation]
 35787 | Spider:3 | Gained mutation: Your muscles are strong. (Str +4, Int/Dex
                  | -1) [potion of mutation]
 36106 | Spider:3 | Reached skill level 15 in Throwing
 36889 | Spider:4 | Entered Level 4 of the Spider Nest
 37416 | Spider:4 | Noticed Agnes
 37423 | Spider:4 | Killed Agnes
 37424 | Spider:4 | Reached XP level 19. HP: 159/159 MP: 28/28
 37675 | Spider:4 | Gained mutation: You are clumsy. (Dex -2) [mutagenic glow]
 37698 | Spider:4 | Gained mutation: You are very clumsy. (Dex -4) [mutagenic
                  | glow]
 38725 | Spider:4 | Noticed Arachne
 38749 | Spider:4 | Killed Arachne
 38750 | Spider:4 | Noticed Bai Suzhen
 38781 | Spider:4 | Killed Bai Suzhen
 39175 | Spider:4 | Got a gossamer rune of Zot
 39802 | Vaults:1 | Entered Level 1 of the Vaults
 41442 | Vaults:2 | Reached XP level 20. HP: 176/176 MP: 30/30
 42134 | Vaults:2 | Reached skill level 15 in Invocations
 42228 | Vaults:2 | Identified the ring "Dorphin" {Ice Dex+7}
 43168 | Vaults:2 | Found a staircase to the Crypt.
 43407 | Vaults:3 | Paralysed by a formless jellyfish for 1 turns
 43986 | Vaults:3 | Reached XP level 21. HP: 152/183 MP: 32/32
 45008 | Vaults:3 | Identified the +9 plate armour of Humajo Siux {rElec rPois}
 45197 | Vaults:4 | Noticed Margery
 45209 | Vaults:4 | Killed Margery
 45601 | Vaults:4 | Noticed Donald
 45655 | Vaults:4 | Killed Donald
 46854 | Depths:1 | Entered Level 1 of the Depths
 47076 | Depths:1 | Found a broken altar of Ashenzari.
 47392 | Depths:1 | Found a gateway to Hell.
 47432 | Depths:1 | Identified the +9 war axe "Buimaan" {vamp, rN++ Int+4
                  | Dex-5}
 47673 | Depths:1 | Found a one-way gate leading to the halls of Pandemonium.
 47901 | Depths:1 | Found a one-way gateway to a ziggurat.
 48135 | Depths:2 | Identified the serpent talisman of Purpose {rElec rF+}
 48135 | Depths:2 | Noticed Aizul
 48148 | Depths:2 | Killed Aizul
 48229 | Depths:2 | Found a shadowy altar of Dithmenos.
 48304 | Depths:2 | Reached XP level 22. HP: 167/195 MP: 33/33
 48366 | Depths:2 | Found Agrilam's Jewellery Shop.
 48367 | Depths:2 | Found Gucann's Book Shoppe.
 48367 | Depths:2 | Found Nusoeden's Book Shoppe.
 48567 | Depths:2 | Found a runed translucent gate.
 48567 | Depths:2 | Found a runed translucent gate.
 48567 | Depths:2 | Found a runed translucent gate.
 48571 | Depths:2 | Identified the +5 hand axe of Malum Prohibitum {spect,
                  | rElec Dex+3}
 48571 | Depths:2 | Identified the ring of Haarhegg {Wiz Drain Will+ Dex+4}
 48606 | Depths:2 | Found a runed translucent gate.
 48606 | Depths:2 | Found a runed translucent gate.
 48606 | Depths:2 | Found a runed translucent gate.
 50365 | Depths:3 | Found an ornate altar of the Wu Jian Council.
 50535 | Depths:3 | Noticed Norris
 50606 | Depths:3 | Killed Norris
 50640 | Depths:3 | Noticed a golden dragon
 50647 | Depths:3 | Killed a golden dragon
 50732 | Depths:3 | Noticed a golden dragon
 50748 | Depths:3 | Killed a golden dragon
 50945 | Depths:3 | Reached XP level 23. HP: 198/203 MP: 36/36
 51669 | Depths:3 | Reached skill level 10 in Armour
 51989 | Depths:4 | Entered Level 4 of the Depths
 52134 | Depths:4 | Found a corrupted altar of Lugonu.
 52468 | Depths:4 | Noticed Xtahua
 52482 | Depths:4 | Noticed a golden dragon
 52492 | Depths:4 | Killed Xtahua
 52521 | Depths:4 | Killed a golden dragon
 52735 | Depths:4 | Identified the +4 scale mail of Jupeadu {*Slow rPois Will+}
 53307 | Depths:4 | Found a gate to the Realm of Zot.
 53551 | Depths:4 | Noticed a golden dragon
 53566 | Depths:4 | Killed a golden dragon
 53942 | Depths:4 | Identified the +4 chain mail of the Bagpipe {rPois rC+
                  | rN++}
 55091 | Elf:1    | Identified the of Yxkasuse
 55091 | Elf:1    | Entered Level 1 of the Elven Halls
 55145 | Elf:1    | Paralysed by an air elemental for 1 turns
 55166 | Elf:1    | Reached XP level 24. HP: 196/210 MP: 36/36
 55336 | Elf:1    | Paralysed by an air elemental for 1 turns
 55409 | Elf:1    | Found a magical portal.
 55414 | WizLab   | Entered Wucad Mu's Monastery
 55671 | WizLab   | Identified the orb of Roddy {*channel, Fly rC+ Dex+2}
 55727 | WizLab   | Reached XP level 25. HP: 217/217 MP: 36/36
 56244 | Elf:1    | Identified the amulet of Nanuc {RegenMP *Corrode rC+ Int+2}
 57756 | Elf:2    | Found Vahuntao's Book Shop.
 57919 | Elf:3    | Identified the "Wiafoffym"
 57919 | Elf:3    | Entered Level 3 of the Elven Halls
 58110 | Elf:2    | Found a runed translucent gate.
 58118 | Elf:2    | Found a runed translucent gate.
 58119 | Elf:2    | Found a runed translucent gate.
 59774 | Elf:3    | Identified the +6 glaive of Zikh {flame, *Rage Int+5}
 59977 | Elf:3    | Identified the +6 quarterstaff of Otizamau {venom, Fragile
                  | rElec SInv}
 60253 | Elf:3    | Identified the +9 hand axe of Cesoyrch {flame, rElec rCorr
                  | Str-5 Dex+2}
 60352 | Elf:3    | Identified the beast talisman of Inviolability {rElec rN+
                  | rCorr Int-5}
 60370 | Elf:3    | Identified the +0 leather armour of the Pits of Slime
                  | {-Cast Fly rElec Will+}
 60408 | Elf:3    | Identified the -1 pair of gloves "Teiludoa" {Regen+ Int+3}
 60941 | Vaults:5 | Entered Level 5 of the Vaults
 61287 | Vaults:4 | Reached XP level 26. HP: 188/224 MP: 36/36
 61992 | Vaults:5 | Identified the +5 morningstar "Jura" {drain, rC+ Will+
                  | Str+3}
 62238 | Vaults:5 | Identified the +4 plate armour of Ru's Pride {rElec}
 62530 | Vaults:5 | Identified the +3 broad axe of GordonOverkill's Doom
                  | {heavy, Str+2}
 62552 | Vaults:5 | Identified the +8 hand cannon "Ixzosor" {drain, Str+4
                  | Dex+4}
 62717 | Vaults:5 | Found Imor Sya's Distillery.
 62724 | Vaults:5 | Bought a potion of curing for 60 gold pieces
 62724 | Vaults:5 | Bought 2 potions of invisibility for 320 gold pieces
 62724 | Vaults:5 | Bought a potion of heal wounds for 100 gold pieces
 62724 | Vaults:5 | Bought a potion of enlightenment for 100 gold pieces
 62724 | Vaults:5 | Bought a potion of heal wounds for 100 gold pieces
 62724 | Vaults:5 | Bought a potion of curing for 60 gold pieces
 62724 | Vaults:5 | Bought a potion of mutation for 160 gold pieces
 62724 | Vaults:5 | Bought a potion of magic for 160 gold pieces
 62861 | Vaults:5 | Identified the +7 scale mail of the Thirsty Olives {Contam
                  | Harm Int+6 Slay+3}
 63139 | Vaults:5 | Got a silver rune of Zot
 64045 | Zot:1    | Entered Level 1 of the Realm of Zot
 64114 | Zot:1    | Reached XP level 27. HP: 228/228 MP: 36/36
 64119 | Zot:1    | Identified a scroll of acquirement
 64119 | Zot:1    | Acquired the ring "Ijouwusk" {Will+ AC+4 Str+3 Dex-2 SInv}
 64344 | Zot:1    | Noticed Parghit
 64935 | Zot:1    | Killed Parghit
 65898 | Zot:2    | Found a transporter.
 66339 | Zot:2    | Found a transporter.
 66339 | Zot:2    | Identified the +0 cloak "Botuq" {rF+ Will++}
 66343 | Zot:2    | Noticed Beshis's ghost (legendary FoHu)
 66344 | Zot:2    | Found a bloodstained altar of Trog.
 66353 | Zot:2    | Identified the +1 cloak of Inviolability {MP-9 Dex+4}
 66445 | Zot:2    | Identified the +4 war axe "Cimeut" {freeze, Fly rPois
                  | Str+3}
 66839 | Zot:3    | Identified the +8 glaive "Killer Bee's Regret" {protect,
                  | rC+ Dex+4}
 67492 | Zot:3    | Reached skill level 27 in Throwing
 69118 | Zot:4    | Identified the granite talisman of Dice, Bag, and Bottle
                  | {rN++ Dex-5 Slay+2}
 69259 | Zot:5    | Entered Level 5 of the Realm of Zot
 70181 | Zot:5    | Gained mutation: You are frail. (-10% HP) [mutagenic glow]
 70197 | Zot:5    | Gained mutation: Your magical capacity is low. (-10% MP)
                  | [mutagenic glow]
 70223 | Zot:5    | Lost mutation: You are partially covered in large bone
                  | plates. (SH +4) [potion of mutation]
 70223 | Zot:5    | Lost mutation: Your magical capacity is low. (-10% MP)
                  | [potion of mutation]
 70223 | Zot:5    | Lost mutation: You are frail. (-10% HP) [potion of
                  | mutation]
 70223 | Zot:5    | Lost mutation: You are very clumsy. (Dex -4) [potion of
                  | mutation]
 70223 | Zot:5    | Gained mutation: You have a pair of small horns on your
                  | head. [potion of mutation]
 70436 | Zot:5    | Noticed an orb of fire
 70438 | Zot:5    | Noticed an orb of fire
 70440 | Zot:5    | Gained mutation: You are dopey. (Int -2) [an orb of fire]
 70442 | Zot:5    | Killed an orb of fire
 70445 | Zot:5    | Killed an orb of fire
 70696 | Zot:5    | Noticed a dread lich
 70701 | Zot:5    | Killed a dread lich
 70931 | Zot:5    | Noticed an ancient lich
 70943 | Zot:5    | Killed an ancient lich
 70947 | Zot:5    | Noticed a dread lich
 70949 | Zot:5    | Killed a dread lich
 71153 | Zot:5    | Noticed a dread lich
 71161 | Zot:5    | Killed a dread lich
 71437 | Zot:5    | Noticed a dread lich
 71442 | Zot:5    | Killed a dread lich
 71477 | Zot:5    | Noticed a dread lich
 71481 | Zot:5    | Killed a dread lich
 71484 | Zot:5    | Noticed a dread lich
 71488 | Zot:5    | Killed a dread lich
 71783 | Zot:5    | Got the Orb of Zot
 71784 | Zot:5    | Noticed Icomenirgh the pandemonium lord
 71888 | Zot:2    | Noticed Vissyo the pandemonium lord
 72125 | D:13     | Reached skill level 27 in Fighting
 72398 | D:3      | Noticed an ancient lich
 72399 | D:3      | Noticed Junnioz the pandemonium lord
 72457 | D:3      | Killed Junnioz the pandemonium lord
 72463 | D:3      | Killed an ancient lich
 72504 | D:$      | Escaped with the Orb!

Illustrated notes

Levels and vault maps discovered:
D:1:      psy_arrival_conway, layout_rooms, minmay_pentomino_x2
D:2:      layout_loops_corners, serial_shops, nicolae_shop_stone, uniq_sigmund,
          uniq_robin, uniq_terence
D:3:      layout_loops_cross, kennysheep_generic_room_3, uniq_grinder,
          uniq_crazy_yiuf_cottage
D:4:      layout_cave_pools, nicolae_overflow_hidden_temple,
          mainiacjoe_overflow_surrounded_room, yredelemnul_altar_generic
D:5:      layout_basic, nicolae_vehumet_altar_sigil
D:6:      layout_basic, good_gods_temple_1, lemuel_coloured_pillars_altar,
          minmay_temple_entry_statues_fountains
D:7:      layout_loops_ring
D:8:      layout_basic, dancing_weapons_uskayaw, serial_bayou_pond_c,
          minivault_10, minmay_misc_feat_five, uniq_pikel
D:9:      layout_cave_pools, nemelex_diamond_rough_becter, david_orc_4,
          enter_bailey_6, minmay_between
D:10:     layout_grid_maze, uniq_nergalle
D:11:     layout_small_grid, lair_entry_dummy, uniq_amaemon
D:12:     layout_basic
D:13:     hellmonk_ruined_rings, layout_layer_cave, water_boxes_lemuel,
          uniq_jorgrun
D:14:     layout_roguey, erik_vaults_2, nicolae_danse_macabre
D:15:     hangedman_depths_entry_civil_slaughter, layout_stronghold,
          kiku_gazebo_pond_becter, ebering_ghost_rock_garden
Lair:1:   layout_long_grid, amcnicky_mini_pool_medium, grunt_megastairs_2
Lair:2:   layout_regular_city, nicolae_shoals_entry_flooding, disabler_island
Lair:3:   layout_loops_ring, nicolae_spider_entry_lesser_pyramids
Lair:4:   layout_long_grid
Lair:5:   minmay_lair_end_enchanted_forest, layout_misc_corridors,
          slime_entry_1, grunt_megastairs_3, uniq_sonja
Shoals:1: layout_shoals, serial_shops, nicolae_diamond_shop, shop, shop,
          nicolae_shoals_secluded_bog, uniq_frances
Shoals:2: layout_shoals, nicolae_shoals_drake_roost, uniq_ilsuiw
Shoals:3: layout_shoals, nicolae_shoals_c_island
Shoals:4: shoals_end_grunt_ice, layout_shoals, shoals_ilsuiw_ice
Spider:1: layout_chambers
Spider:2: layout_spider_delve, guppyfry_spider_mini_2, uniq_nikola, uniq_roxanne
Spider:3: layout_chambers, hangedman_spider_tarantella_strand
Spider:4: johnstein_spider_rune_arachne_lair, uniq_bai_suzhen, uniq_agnes
Orc:1:    layout_caves
Orc:2:    st_orc_pillars, layout_diamond_mine, nicolae_volcano_entry_hallway,
          gammafunk_ghost_abyssal_escape, uniq_azrael
Elf:1:    minmay_the_grid_plus [minmay_the_grid_zigzag_pyramid,
          minmay_the_grid_spin_star, minmay_the_grid_fan,
          minmay_the_grid_large_cup, minmay_the_grid_prize_trominoes],
          layout_gridlike, mu_enter_wizlab_1, serial_corexii_hall,
          corexii_hall_statues_i, chequers_hall_statues_y, minmay_elf_sorcery,
          grunt_ministairs_12
Elf:2:    nicolae_elf_blades_splatter_lattice [mumra_blade_entry_bloodbath],
          layout_loops_corners, serial_shops, nicolae_book_shop_shelving
Elf:3:    elf_hall_gauntlet_narrow, layout_geoelf_diagonals
Vaults:1: nicolae_vaults_offset_grid_hallway_2, nicolae_vaults_triangles,
          vaults_standard_mumra_enter_the_diamond, v_rooms_4,
          nicolae_vaults_bisected_slash, vaults_dpeg_doors,
          nicolae_vaults_little_squares_1, v_misc_12,
          nicolae_vaults_network_periphery, grunt_vaults_diagonal, st_squares,
          v_pattern_2, nicolae_vaults_tetromino_Z_2, layout_vaults_omnibox
Vaults:2: nicolae_vaults_mitosis, minmay_crypt_entry_simple_walls,
          ontoclasm_vaults_chip, nicolae_vaults_offset_grid_hallway_3,
          nicolae_vaults_diffraction_hallways, v_alt_pattern_5,
          nicolae_vaults_octothorpe, nicolae_vaults_oval_intersection,
          nicolae_vaults_more_shelving_2, grunt_vaults_trifunnel,
          nicolae_vaults_ellipses_ellipsis, hangedman_vaults_corner_blocks,
          nicolae_vaults_variable_pillar_hall, ontoclasm_vaults_gateway,
          nicolae_vaults_tetromino_Z_2, ontoclasm_vaults_ring_square,
          nicolae_vaults_theta, layout_vaults_maze
Vaults:3: hangedman_vaults_nails, hangedman_vaults_nails,
          nicolae_vaults_offset_grid_hallway_2, nicolae_vaults_cornered_office,
          nicolae_vaults_closet_pinwheel_6,
          nicolae_vaults_shipping_containers_7, nicolae_vaults_heist,
          nicolae_vaults_variable_pillar_hall, nicolae_vaults_diamond_2,
          v_misc_11, nicolae_vaults_tetromino_L_2, vaults_dpeg_ring,
          layout_vaults_omnigrid
Vaults:4: nicolae_vaults_trapezoid_lopsided_3, nicolae_vaults_apartment_1,
          ontoclasm_vaults_chip, vaults_room_door_ring,
          nicolae_vaults_turnstiles, nicolae_vaults_closet_pinwheel_5,
          nicolae_vaults_closet_pinwheel_3, ontoclasm_vaults_tryst,
          vaults_standard_mumra_x, dpeg_vaults_monster_row,
          nicolae_vaults_trapezoid_layered, ontoclasm_vaults_misaligned,
          nicolae_vaults_tetromino_L_1, ontoclasm_vaults_shuriken,
          layout_vaults_omnicross, uniq_margery, uniq_donald
Vaults:5
Depths:1: layout_gridlike, enter_ziggurat_c, lemuel_doored_altar,
          rand_demon_pan_entry_4, hell_entry, kennysheep_generic_room_10,
          kennysheep_cross_landing
Depths:2: kennysheep_treasure_stockpile, layout_gridville,
          nicolae_dithmenos_through_a_glass_darkly, grunt_pan_entry_zigzag,
          hell_entry, infiniplex_staircase_x, minmay_shop_grove,
          nicolae_triple_integral, uniq_aizul
Depths:3: nzn_winding_woodlands_large [nzn_winding_woodlands_5x5_closed_star,
          nzn_winding_woodlands_5x15_twine,
          nzn_winding_woodlands_5x5_checkerboard,
          nzn_winding_woodlands_center_lodge,
          nzn_winding_woodlands_15x15_killbox,
          nzn_winding_woodlands_center_pierced_h,
          nzn_winding_woodlands_hourglass,
          nzn_winding_woodlands_5x15_sidewinder,
          nzn_winding_woodlands_5x5_perimeter], layout_basic,
          abyss_entry_small_statue_room, nzn_wu_jian_contemplation,
          lightli_too_deep, uniq_norris
Depths:4: grunt_zot_entry_funnels, layout_gridlike, abyss_entry_flame_altar,
          grunt_pan_entry_in_and_out, hell_entry, minmay_evil_grid, uniq_xtahua
Zot:1:    layout_cathedral_of_symmetry, uniq_parghit
Zot:2:    layout_misc_corridors, gammafunk_ghost_wrathful_warriors
Zot:3:    layout_gridlike
Zot:4:    layout_basic
Zot:5:    layout_basic, st_stairs_5, bh_zot_levy_curve, lemuel_baited_zot_trap

Skill      XL: |  1  2  3  4  5  6  7  8  9 10 11 12 13 14 15 16 17 18 19 20 21 22 23 24 25 26 27 |
---------------+----------------------------------------------------------------------------------+-----
Polearms       | 3 4 5 7 10 13 14 16 | 16.0
Fighting       | 4 6 9 14 15 16 20 21 22 27 | 27.0
Invocations    | 3 5 10 13 14 15 18 | 18.0
Throwing       | 2 10 12 15 18 19 22 25 27 | 27.0
Shields        | 4 5 10 14 15 18 20 | 20.5
Armour         | 5 6 7 9 10 | 10.0
Dodging        | 7 10 11 12 | 12.0
Evocations     | 3 11 14 | 14.0
Stealth        | |  5.4

Action                     |  1- 3 |  4- 6 |  7- 9 | 10-12 | 13-15 | 16-18 | 19-21 | 22-24 | 25-27 || total
---------------------------+-------+-------+-------+-------+-------+-------+-------+-------+-------++-------
  Melee: Spear             |    21 |       |       |       |       |       |       |       |       ||    21
         Trident           |    72 |   100 |   346 |  1066 |  2151 |       |       |       |       ||  3735
         Tailslap          |       |       |       |     5 |     5 |    44 |     3 |       |       ||    57
         Demon trident     |       |       |       |       |   283 |  2223 |  1984 |  1517 |  1784 ||  7791
         Headbutt          |       |       |       |       |       |       |       |       |    59 ||    59
  Throw: Boomerang         |       |       |    46 |    10 |    18 |   336 |    86 |    41 |   488 ||  1025
         Dart              |       |       |     2 |       |       |     4 |       |       |       ||     6
         Javelin           |       |       |       |       |       |     3 |       |       |    52 ||    55
 Invoke: Lesser Servant of |       |       |       |    12 |    23 |    15 |    12 |     1 |       ||    63
         Minor Destruction |       |       |       |     3 |       |       |       |       |       ||     3
         Greater Servant o |       |       |       |       |       |       |     3 |     1 |     6 ||    10
  Evoke: Wand              |       |       |     2 |     4 |     7 |     3 |     1 |       |     7 ||    24
         Condenser vane    |       |       |       |       |       |       |       |       |     1 ||     1
    Use: Potion            |     1 |     5 |       |     1 |     5 |     9 |     1 |     3 |    16 ||    41
         Scroll            |     1 |     3 |     5 |     8 |    12 |     9 |     5 |     6 |    22 ||    71
   Stab: Sleeping          |    10 |     7 |     5 |       |       |       |       |       |       ||    22
         Invisible         |       |     5 |       |     5 |       |       |       |       |     8 ||    18
         Distracted        |       |     1 |       |    12 |    11 |     5 |     2 |     2 |     1 ||    34
         Paralysed         |       |       |     3 |       |     2 |       |       |       |       ||     5
 Armour: Leather armour    |    40 |    46 |    16 |       |       |       |       |       |       ||   102
         Ring mail         |       |       |    71 |       |       |       |       |       |       ||    71
         Scale mail        |       |       |    12 |       |       |       |       |       |       ||    12
         Chain mail        |       |       |    44 |     4 |       |       |       |       |       ||    48
         Plate armour      |       |       |       |   556 |   867 |   710 |   637 |   522 |   465 ||  3757
         Gold dragon scale |       |       |       |       |       |       |       |       |   261 ||   261
  Dodge: Dodged            |    51 |    35 |    68 |   160 |   639 |   543 |   334 |   259 |   342 ||  2431
  Block: Buckler           |       |     1 |    23 |       |       |       |       |       |       ||    24
         Tower shield      |       |       |   117 |   854 |  2202 |  2295 |  1837 |  1290 |  1730 || 10325
         Reflection        |       |       |       |       |       |    30 |    76 |    25 |   110 ||   241

Table legend: (Time is in decaauts)
 A = Elapsed time spent in this place.
 B = Non-inter-level travel time spent in this place.
 C = Inter-level travel time spent in this place.
 D = Time resting spent in this place.
 E = Time spent auto-exploring this place.
 F = Levels seen in this place.
 G = Mean time per level.
                   A        B        C        D        E       F      G
               +--------+--------+--------+--------+--------+-----+--------+
         Total |  68375 |  62141 |   6234 |  13381 |  30626 |  49 | 1395.4 |
       Dungeon |  18482 |  16133 |   2349 |   2427 |   8852 |  15 | 1232.1 |
          Lair |   8024 |   7361 |    663 |   1294 |   3826 |   5 | 1604.8 |
        Shoals |   4510 |   4076 |    434 |    818 |   2163 |   4 | 1127.5 |
   Spider Nest |   6111 |   5987 |    124 |   1340 |   3097 |   4 | 1527.8 |
  Orcish Mines |   1929 |   1555 |    374 |    194 |    692 |   2 |  964.5 |
   Elven Halls |   4008 |   3700 |    308 |    809 |   1726 |   3 | 1336.0 |
        Vaults |   9775 |   8573 |   1202 |   1830 |   4380 |   5 | 1955.0 |
        Depths |   7309 |   6956 |    353 |   1879 |   3086 |   4 | 1827.2 |
           Zot |   7555 |   7132 |    423 |   2761 |   2623 |   5 | 1511.0 |
       Volcano |    296 |    296 |      0 |      0 |    102 |   1 |  296.0 |
        Wizlab |    373 |    373 |      0 |     26 |     76 |   1 |  373.0 |
               +--------+--------+--------+--------+--------+-----+--------+

Top non-repeatable levels by time:
Vaults:4: 2879 daAuts
Spider:4: 2519 daAuts
Depths:2: 2172 daAuts
Depths:4: 2062 daAuts
Vaults:1: 2017 daAuts
   Zot:5: 2002 daAuts
Depths:3: 1937 daAuts
    D:10: 1902 daAuts
Vaults:3: 1790 daAuts
    D:13: 1773 daAuts
  Lair:5: 1713 daAuts
   Elf:3: 1701 daAuts
  Lair:3: 1695 daAuts
Vaults:2: 1676 daAuts
   Zot:3: 1668 daAuts
